 Dungeon Crawl Stone Soup version 0.31.0-11-ge490571c62 (webtiles) character file.

Game seed: 2969570866226312384

938 qw the Skirmisher (level 7, -1/34 (40) HPs)
             Began as a Deep Elf Hunter on Feb 3, 2024.
             Was a Follower of Okawaru.
             Slain by Edmund
             ... wielding a +3 dire flail of draining
              (3 damage)
             ... on level 6 of the Dungeon.
             The game lasted 00:00:23 (3954 turns).

qw the Skirmisher (Deep Elf Hunter)                 Turns: 3954, Time: 00:00:23

HP:   -1/34 (40)    AC: 15    Str: 16    XL:     7   Next: 87%
MP:   9/11          EV: 20    Int: 17    God:    Okawaru [*.....]
Gold: 134           SH:  5    Dex: 22    Spells: 6/6 levels left

rFire   . . .        d - +0 orcbow (elec)
rCold   . . .        (shield currently unavailable)
rNeg    . . .        b - +1 scale mail "Dusod" {rElec}
rPois   .            h - +1 helmet {Int+3}
rElec   +            (no cloak)
rCorr   .            (no gloves)
SInv    .            c - +3 pair of boots "Rumeoni" {*Slow rElec Dex+4}
Will    .....        m - amulet of reflection
Stlth   ++           e - +5 ring of evasion
HPRegen 0.25/turn    o - +6 ring of strength
MPRegen 0.12/turn

%: slow self (1%), reflection
@: heroic, slowed, heavily drained, very slow
A: no striking features
a: Renounce Religion, Heroism


You were on level 6 of the Dungeon.
You worshipped Okawaru.
Okawaru was aware of your devotion.
You visited 2 branches of the dungeon, and saw 7 of its levels.

You collected 315 gold pieces.
You spent 181 gold pieces at shops.


   Skills:
 - Level 2.1(7.1) Fighting
 - Level 11.1(16.1) Ranged Weapons
 - Level 1.4(6.4) Armour
 + Level 3.8(8.8) Dodging
 - Level 1.2(6.2) Stealth
 + Level 3.2 Invocations


You had 6 spell levels left.
You didn't know any spells.
Your spell library was empty.

Inventory:

Hand Weapons
 d - a +0 orcbow of electrocution (weapon)
Armour
 b - the +1 scale mail "Dusod" (worn) {rElec}
   (You found it on level 2 of the Dungeon)

   rElec:     It insulates you from electricity.
 c - the +3 pair of boots "Rumeoni" (worn) {*Slow rElec Dex+4}
   (You acquired it on level 1 of the Dungeon)

   Dex+4:     It affects your dexterity (+4).
   rElec:     It insulates you from electricity.
   *Slow:     It may slow you when you take damage.
 h - a +1 helmet of intelligence (worn)
Jewellery
 e - a +5 ring of evasion (left hand)
 m - an amulet of reflection (around neck)
 o - a +6 ring of strength (right hand)
Wands
 l - a wand of flame (27)
 n - a wand of polymorph (11)
Scrolls
 a - a scroll of identify
Potions
 g - a potion of heal wounds
 i - 3 potions of curing
 j - a potion of lignification {unknown}
 k - a potion of cancellation
 p - a potion of magic

Dungeon Overview and Level Annotations

Branches:
Dungeon (6/15)             Temple (1/1) D:4

Altars:
Ashenzari
Cheibriados
Elyvilon
Hepliaklqana
Kikubaaqudgha
Nemelex Xobeh
Okawaru
Ru
Sif Muna
Trog
Uskayaw
Xom
Zin
The Shining One

Shops:
D:4 ([[

Annotations:
D:6 Edmund


Message History

a +0 flail; an orc corpse
Things that are here:
a +0 club; an orc corpse
There is a stone staircase leading down here.
You climb downwards.
You hear the hiss of flowing sand.
There is an entrance to an ossuary on this level.
Hurry and find it before the portal is buried!
The orc shouts!
Found a scroll of identify and 6 stones.
There is a stone staircase leading up here.
An orc is nearby!
Waypoint 6 assigned to D:6.
3939 ||| PLANNING OSSUARY You shoot an arrow.
The arrow hits the orc!
You kill the orc!
Okawaru accepts your kill.
a - a scroll of identify
Found a stone staircase leading down.
Edmund the Younger comes into view.
He is wielding a +3 dire flail of draining.
You shoot an arrow. The arrow barely misses Edmund.
You shoot an arrow. The arrow completely misses Edmund.
You shoot an arrow.
The arrow hits Edmund but does no damage.
Edmund hits you with a +3 dire flail of draining!
You feel yourself slow down.
You feel drained.
3951 ||| INVOKING Heroism.
You gain the combat prowess of a mighty hero.
Edmund barely misses you. Edmund hits you but does no damage.
You feel drained.
You shoot an arrow. The arrow hits Edmund!
Edmund is moderately wounded.
Edmund barely misses you.
You shoot an arrow. The arrow barely misses Edmund.
Edmund hits you with a +3 dire flail of draining!
You feel drained.
You shoot an arrow. The arrow hits Edmund!!
Edmund is severely wounded.
Edmund hits you with a +3 dire flail of draining!
You feel drained.
You die...
Edmund says, "That'll show my brother!"

### .. .. . .# ##
###.#....
#####.@......
#####....@#
######.......###.#
.....).<...........
######.........#...
#.......### >
#..........#
#....##.(### ...###
.... ..# .###..


You could see Edmund.

Vanquished Creatures
  An ice beast (D:5)
  An ogre (D:5)
  A centaur (D:5)
  A phantom (D:4)
  A scorpion (D:5)
  A bombardier beetle (D:4)
  A hound (D:4)
  A jelly (D:4)
  4 orc priests (D:5)
  A sleepcap (D:5)
  2 iguanas
  12 adders
  12 ribbon worms
  A dart slug (D:2)
  21 orcs
  8 endoplasms
  4 giant cockroaches
  2 goblins
  11 hobgoblins
  7 kobolds
  2 quokkas
  10 ball pythons
  4 bats
  5 frilled lizards
  6 rats
120 creatures vanquished.

Notes
Turn   | Place    | Note
-------+----------+-------------------------------------------
     0 | D:1      | qw the Deep Elf Hunter began the quest for the Orb.
     0 | D:1      | Reached XP level 1. HP: 12/12 MP: 3/3
     0 | D:1      | 0 ||| qw: Version: 0.3-a-157-g843a77d
     0 | D:1      | 0 ||| qw: Game counter: 3945
     0 | D:1      | 0 ||| qw: Melee chars always use a shield: true
     0 | D:1      | 0 ||| qw: God list: Okawaru
     0 | D:1      | 0 ||| qw: Allow faded altars: false
     0 | D:1      | 0 ||| qw: Do Orc after clearing Dungeon:15 true
     0 | D:1      | 0 ||| qw: Do second Lair branch before Depths: true
     0 | D:1      | 0 ||| qw: Lair rune preference: random
     0 | D:1      | 0 ||| qw: Goals: Normal
     0 | D:1      | 0 ||| PLANNING D:1-11
   113 | D:1      | Reached skill level 6 in Ranged Weapons
   113 | D:1      | Reached XP level 2. HP: 16/16 MP: 4/4
   609 | D:1      | 609 ||| UPGRADING to +0 ring mail.
   619 | D:1      | 619 ||| DROPPING +0 leather armour.
   620 | D:1      | 620 ||| READING scroll labelled PUVEEM XYAMUAFE.
   621 | D:1      | 621 ||| READING scroll labelled ZODINAEJID.
   621 | D:1      | Identified a scroll of acquirement
   621 | D:1      | 621 ||| ACQUIRING +3 pair of boots "Rumeoni" {*Slow rElec
                  | Dex+4}
   621 | D:1      | Acquired the +3 pair of boots "Rumeoni" {*Slow rElec Dex+4}
   623 | D:1      | 623 ||| UPGRADING to +3 pair of boots "Rumeoni" {*Slow
                  | rElec Dex+4}.
   628 | D:1      | 628 ||| READING scroll labelled ACEGOT YVEO.
   729 | D:1      | 729 ||| READING scroll labelled DEOXKA VIEDGH.
   729 | D:1      | 729 ||| IDENTIFYING fizzy white potion
   730 | D:1      | 730 ||| DROPPING scroll of butterflies.
   762 | D:2      | Reached XP level 3. HP: 20/20 MP: 5/5
   786 | D:2      | Found a faded altar of an unknown god.
   839 | D:2      | Identified the +1 scale mail "Dusod" {rElec}
   953 | D:2      | Reached skill level 7 in Ranged Weapons
  1081 | D:2      | Reached XP level 4. HP: 25/25 MP: 6/6
  1257 | D:2      | 1257 ||| UPGRADING to +1 scale mail "Dusod" {rElec}.
  1267 | D:2      | 1267 ||| DROPPING +0 ring mail.
  1268 | D:2      | 1268 ||| UPGRADING to amulet of guardian spirit.
  1273 | D:2      | 1273 ||| READING 2 scrolls of identify.
  1273 | D:2      | 1273 ||| IDENTIFYING coppery potion
  1274 | D:2      | 1274 ||| READING scroll of identify.
  1274 | D:2      | 1274 ||| IDENTIFYING metallic dark potion
  1275 | D:2      | 1275 ||| READING scroll labelled WAC KIYPITZ.
  1275 | D:2      | 1275 ||| ENCHANTING +0 shortbow.
  1276 | D:2      | 1276 ||| READING scroll labelled ZIYNICRYOT.
  1276 | D:2      | 1276 ||| ENCHANTING +0 shortbow.
  1277 | D:2      | 1277 ||| DROPPING potion of brilliance.
  1613 | D:3      | Reached skill level 8 in Ranged Weapons
  1887 | D:3      | 1887 ||| UPGRADING to +5 ring of evasion.
  1888 | D:3      | 1888 ||| READING 2 scrolls of identify.
  1888 | D:3      | 1888 ||| IDENTIFYING dark potion
  1889 | D:3      | 1889 ||| READING scroll of identify.
  1889 | D:3      | 1889 ||| IDENTIFYING scroll labelled MUEHIXK YSUW
  1890 | D:3      | 1890 ||| READING scroll labelled JOKHIO LAHUMN.
  1894 | D:3      | 1894 ||| READING scroll labelled CUSIECWOTZ.
  1895 | D:3      | 1895 ||| DROPPING scroll of blinking.
  1896 | D:3      | 1896 ||| DROPPING potion of magic.
  1909 | D:4      | Noticed a phantom
  1909 | D:4      | Found a snail-covered altar of Cheibriados.
  1909 | D:4      | Found Roajegun's Armour Shop.
  1914 | D:4      | Found a shimmering blue altar of Sif Muna.
  1922 | D:4      | Killed a phantom
  1923 | D:4      | Reached skill level 9 in Ranged Weapons
  1923 | D:4      | Reached XP level 5. HP: 16/29 MP: 7/7
  1996 | D:4      | Reached skill level 1 in Armour
  2014 | D:4      | 2014 ||| BUYING +1 helmet of intelligence (181 gold).
  2014 | D:4      | Bought a +1 helmet of intelligence for 181 gold pieces
  2014 | D:4      | 2014 ||| SHOPLISTING +1 helmet of see invisible (181 gold,
                  | have 0).
  2014 | D:4      | 2014 ||| SHOPLISTING +2 pair of gloves (181 gold, have 0).
  2014 | D:4      | 2014 ||| SHOPLISTING +3 leather armour of cold resistance
                  | (264 gold, have 0).
  2064 | D:4      | Found Jyuti's Antique Weapon Emporium.
  2082 | D:4      | Identified the +0 buckler "Jiunastro" {rF+ Int+4}
  2112 | D:4      | Reached XP level 6. HP: 35/35 MP: 8/8
  2127 | D:4      | Found a staircase to the Ecumenical Temple.
  2128 | D:4      | 2128 ||| PLANNING TEMPLE
  2128 | D:4      | 2128 ||| UPGRADING to +1 helmet of intelligence.
  2133 | D:4      | 2133 ||| READING scroll of identify.
  2133 | D:4      | 2133 ||| IDENTIFYING white potion
  2142 | Temple   | Found a transporter.
  2142 | Temple   | Found a transporter.
  2142 | Temple   | Found a transporter.
  2142 | Temple   | Found a transporter.
  2142 | Temple   | Entered the Ecumenical Temple
  2143 | Temple   | 2143 ||| PLANNING D:1-11
  2163 | Temple   | 2163 ||| PLANNING OKAWARU WORSHIP
  2168 | Temple   | Became a worshipper of Warmaster Okawaru
  2169 | Temple   | 2169 ||| PLANNING D:1-11
  2169 | Temple   | 2169 ||| REMOVING amulet of guardian spirit.
  2278 | D:4      | 2278 ||| SHOPLISTING encrusted shortbow (200 gold, have
                  | 26).
  2377 | D:4      | Identified the +7 quarterstaff "Vila Baurud" {flame, +Blink
                  | rElec Will- MP+9}
  2507 | D:4      | Found Ysagaigi's Armour Emporium.
  2552 | D:4      | 2552 ||| SHOPLISTING +2 ring mail of positive energy (216
                  | gold, have 62).
  2799 | D:4      | 2799 ||| DROPPING ring of flight.
  2809 | D:5      | Entered Level 5 of the Dungeon
  2810 | D:5      | 2810 ||| PLANNING SEWER
  2811 | D:5      | 2811 ||| STAIRDANCE
  2929 | D:5      | 2929 ||| STAIRDANCE
  2993 | D:5      | Reached skill level 10 in Ranged Weapons
  3019 | D:5      | Reached XP level 7. HP: 28/40 MP: 9/9
  3066 | D:5      | 3066 ||| SWAPPING to +0 orcbow.
  3071 | D:5      | Reached * piety under Okawaru
  3072 | D:5      | Reached skill level 3 in Dodging
  3072 | D:5      | 3072 ||| DROPPING +1 shortbow.
  3260 | D:5      | Reached skill level 1 in Invocations
  3552 | D:5      | 3552 ||| RIP SEWER
  3553 | D:5      | 3553 ||| PLANNING D:1-11
  3683 | D:5      | Found a glowing silver altar of Zin.
  3683 | D:5      | Noticed an angel
  3758 | D:5      | Reached skill level 11 in Ranged Weapons
  3759 | D:5      | Reached skill level 3 in Invocations
  3898 | D:5      | 3898 ||| DROPPING amulet of guardian spirit.
  3899 | D:5      | 3899 ||| UPGRADING to amulet of reflection.
  3904 | D:5      | 3904 ||| UPGRADING to +6 ring of strength.
  3905 | D:5      | 3905 ||| READING scroll labelled VORCHU SAOSABA.
  3905 | D:5      | 3905 ||| BRANDING +0 orcbow.
  3939 | D:6      | 3939 ||| PLANNING OSSUARY
  3947 | D:6      | Noticed Edmund
  3951 | D:6      | 3951 ||| INVOKING Heroism.
  3954 | D:6      | HP: 2/36 [Edmund/+3 dire flail of draining (14)]
  3954 | D:6      | Slain by Edmund

Levels and vault maps discovered:
D:1:      saegor_arrival_miasma, layout_basic
D:2:      layout_rooms, ebering_ecumenical_altar_box
D:3:      layout_rooms, serial_curves, eino_curves_04, eino_curves_03,
          wad_rectangle_vault
D:4:      layout_basic, grunt_temple_overflow_open,
          minmay_temple_entry_mini_moons, serial_shops, shop,
          nicolae_shop_peninsula, shop, nicolae_wormholes
D:5:      layout_loops_ring, zin_angel, gup_sewer_entry_bowl
D:6:      layout_rooms, mainiacjoe_overflow_small_starburst, enter_ossuary_4,
          nicolae_shop_firing_range, uniq_duvessa, uniq_blork_the_orc,
          uniq_sigmund, uniq_jeremiah, uniq_edmund
Temple:   hellmonk_temple_divided_pantheon

Skill      XL: |  1  2  3  4  5  6  7 |
---------------+----------------------+-----
Ranged Weapons | 6 7 9 10 11 | 11.1
Armour         | 1 |  1.4
Fighting       | 2 |  2.1
Dodging        | 3 |  3.8
Invocations    | 3 |  3.2
Stealth        | |  1.2

Action                     |  1- 3 |  4- 6 |  7- 9 || total
---------------------------+-------+-------+-------++-------
   Fire: Shortbow          |   102 |   227 |       ||   329
         Orcbow            |       |       |   111 ||   111
 Invoke: Heroism           |       |       |     1 ||     1
    Use: Scroll            |     4 |     9 |     1 ||    14
 Armour: Leather armour    |     7 |       |       ||     7
         Ring mail         |    13 |     1 |       ||    14
         Scale mail        |       |    89 |    25 ||   114
  Dodge: Dodged            |    25 |   106 |    33 ||   164

Table legend:
 A = Non-vault XP
 B = Vault XP
 C = Vault XP percentage of total XP
 D = Non-vault monster count
 E = Vault monster count
 F = Vault count percentage of total count
                 A         B        C        D         E       F
            +---------+---------+-------+---------+---------+-------
      Total |    1287 |      54 |   4.0 |     105 |      15 |  12.5
            +---------+---------+-------+---------+---------+-------
        D:1 |      38 |       0 |   0.0 |      22 |       0 |   0.0
        D:2 |      78 |       0 |   0.0 |      18 |       0 |   0.0
        D:3 |      45 |      21 |  31.8 |      15 |       6 |  28.6
        D:4 |     355 |      22 |   5.8 |      20 |       5 |  20.0
        D:5 |     768 |      11 |   1.4 |      29 |       4 |  12.1
        D:6 |       3 |       0 |   0.0 |       1 |       0 |   0.0
            +---------+---------+-------+---------+---------+-------
